AoeStats
← soccergeeg

Yucatan

510462962Analyzed
4v4 RM · 1d ago on Oct 1, 2026· 59m 5s· 8 players
Game mode
Random Map
Map size
Large (8 player)
Population
200
Speed
Normal
Resources
Standard
Victory
Conquest
Starting age
Dark Age
Ending age
Imperial Age
RankedLock teamsTeams togetherTeam positionsShared explorationLock speedFull tech treeHidden civsTurbo modeCheats
Victory
Defeat
🇲🇽 Dravidians · Mexico
792
+14
🇦🇷 Italians · Argentina
710
+18
🇺🇸 Saracens · United States
675
+19
🇺🇸 Byzantines · United States
618
+22
🇦🇺 Jurchens · Australia
780
-20
🇨🇳 Portuguese · China
777
-19
🇨🇳 Mongols · China
712
-17
🇨🇴 Wu · Colombia
711
-17
Caligula
0:31 Loom
11:48 Feudal Age
12:52 Town Watch
13:43 Wheelbarrow
14:21 Wheelbarrow
14:40 Double-Bit Axe
19:10 Horse Collar
26:07 Castle Age
27:01 Bow Saw
27:27 Heavy Plow
35:22 Pikeman
36:02 Squires
36:22 Stone Mining
36:23 Gold Mining
37:09 Hand Cart
39:05 Town Patrol
42:26 Stone Shaft Mining
42:27 Gold Shaft Mining
48:30 Imperial Age
47:38 Fishing Lines
50:24 Two-Man Saw
51:53 Heavy Hei Guang Cavalry
52:33 Husbandry
52:45 Bloodlines
51:56 Light Cavalry
55:26 Chemistry
54:24 Murder Holes
55:35 Scale Barding Armor
55:31 Scale Mail Armor
55:41 Forging
MTYDRxiaohei
3:15 Loom
12:16 Feudal Age
13:31 Double-Bit Axe
17:09 Wheelbarrow
18:48 Castle Age
18:25 Fletching
19:48 Bow Saw
25:10 Horse Collar
26:00 Thumb Ring
28:10 Bodkin Arrow
28:47 Padded Archer Armor
31:05 Wheelbarrow
35:23 Imperial Age
32:56 Treadmill Crane
34:32 Leather Archer Armor
35:09 Ballistics
36:05 Bracer
37:36 Chemistry
38:01 Ring Archer Armor
37:36 Pikeman
39:49 Forging
41:18 Hand Cart
41:10 Heavy Plow
42:12 Two-Man Saw
42:20 Crop Rotation
42:26 Siege Engineers
50:28 Halberdier
lachrymose_pigeon
12:30 Feudal Age
13:46 Double-Bit Axe
18:08 Castle Age
19:07 Scale Mail Armor
18:54 Pikeman
20:31 Forging
西百拉米
2:25 Loom
10:15 Feudal Age
10:47 Double-Bit Axe
11:06 Town Watch
11:59 Wheelbarrow
11:06 Horse Collar
17:33 Castle Age
16:28 Stone Mining
16:28 Gold Mining
18:30 Town Patrol
23:05 Bow Saw
23:24 Fletching
23:35 Padded Archer Armor
26:16 Hand Cart
26:43 Ballistics
27:03 Heavy Plow
30:06 Husbandry
31:51 Bodkin Arrow
32:12 Leather Archer Armor
32:56 Gold Shaft Mining
33:11 Murder Holes
38:22 Stone Shaft Mining
38:30 Bloodlines
43:11 Imperial Age
40:10 Light Cavalry
42:43 Nomads
43:33 Forging
43:29 Scale Barding Armor
43:58 Bracer
45:58 Chemistry
45:38 Iron Casting
45:09 Scale Barding Armor
45:56 Drill
45:59 Conscription
45:01 Elite Mangudai
45:36 Heavy Camel Rider
48:48 Blast Furnace
50:11 Onager
51:24 Siege Engineers
51:44 Siege Onager
54:39 Hussar
FARTKNOXX
10:48 Feudal Age
12:24 Feudal Age
13:16 Loom
13:43 Horse Collar
14:32 Double-Bit Axe
16:47 Scale Barding Armor
16:54 Forging
21:09 Castle Age
21:04 Stone Mining
25:39 Wheelbarrow
25:41 Husbandry
29:34 Iron Casting
35:14 Chain Barding Armor
39:46 Imperial Age
37:37 Hand Cart
41:49 Plate Barding Armor
43:22 Hoardings
45:31 Light Cavalry
47:26 Heavy Plow
47:22 Gold Mining
48:08 Stone Shaft Mining
47:53 Bow Saw
48:21 Cavalier
52:57 Gold Shaft Mining
52:04 Paladin
53:59 Crop Rotation
54:57 Logistica
55:55 Elite Cataphract
57:54 Chemistry
58:25 Ballistics
57:52 Hussar
59:45 Bombard Tower
soccergeeg
4:13 Loom
11:13 Feudal Age
12:12 Double-Bit Axe
15:42 Wheelbarrow
20:19 Castle Age
19:15 Bloodlines
20:20 Forging
25:10 Scale Mail Armor
25:18 Scale Barding Armor
25:35 Bow Saw
32:43 Horse Collar
34:45 Hand Cart
35:33 Scale Mail Armor
38:28 Imperial Age
37:15 Heavy Plow
37:58 Iron Casting
37:50 Chain Barding Armor
41:07 Two-Man Saw
42:36 Chain Mail Armor
42:58 Plate Barding Armor
43:24 Blast Furnace
44:09 Elite Mameluke
46:42 Counterweights
46:49 Caravan
47:55 Conscription
47:34 Fletching
58:31 Coinage
Afax
goPales
8:20 Loom
9:50 Loom
12:39 Feudal Age
12:57 Man-at-Arms
20:15 Castle Age
19:12 Double-Bit Axe
28:58 Fletching
30:35 Thumb Ring
37:19 Gold Mining
38:32 Bodkin Arrow
38:39 Padded Archer Armor
44:00 Imperial Age
42:11 Elite Skirmisher
46:02 Bracer
48:18 Wheelbarrow
48:23 Bow Saw
Connection lost

Rejoining the realm…

Still unreachable

The connection could not be restored.

Session expired

The server has moved on; the page needs a fresh start.